 Dungeon Crawl Stone Soup version 0.30-a0-613-gdd512c7efb (webtiles) character file.

Game seed: 14154142927313438250

28 acebull12 the Firebug (level 3, 0/24 (27) HPs)
             Began as a Hill Orc Fire Elementalist on Jan 9, 2023.
             Slain by an adder (1 damage)
             ... on level 1 of the Dungeon.
             The game lasted 00:02:54 (926 turns).

acebull12 the Firebug (Hill Orc Fire Elementalist)   Turns: 926, Time: 00:02:55

HP:   0/24 (27)     AC:  4    Str: 12    XL:     3   Next: 14%
MP:   5/5           EV: 12    Int: 15    God:
Gold: 36            SH:  0    Dex: 11    Spells: 4/5 levels left

rFire   . . .      SeeInvis .    d - +0 mace
rCold   . . .      Faith    .    (no shield)
rNeg    . . .      Spirit   .    a - +0 robe
rPois   .          Reflect  .    (no helmet)
rElec   .          Harm     .    (no cloak)
rCorr   .          Rampage  .    i - +1 pair of gloves
Will    .....                    (no boots)
Stlth   ++                       (no amulet)
HPRegen 0.24/turn                (no ring)
MPRegen 0.09/turn                (no ring)

@: lethally poisoned (0 -> -3), heavily drained
A: no striking features
a: no special abilities


You were on level 1 of the Dungeon.
You visited 1 branch of the dungeon, and saw 2 of its levels.

You collected 36 gold pieces.

Inventory:

Hand Weapons
 d - a +0 mace (weapon)
Armour
 a - a +0 robe (worn)
 i - a +1 pair of gloves (worn)
Scrolls
 f - a scroll of teleportation {unknown}
 j - 2 scrolls of identify {unknown}
 m - 3 scrolls of poison {unknown}
Potions
 b - a potion of magic
 c - a potion of haste {unknown}
 e - a potion of curing {unknown}
 g - a potion of lignification {unknown}
 h - a potion of attraction {unknown}
 k - a potion of resistance {unknown}
 l - a potion of might {unknown}


   Skills:
 * Level 0.7 Fighting
 * Level 1.1 Maces & Flails
 + Level 1.5 Dodging
 + Level 1.5 Stealth
 + Level 1.7 Spellcasting
 * Level 1.4 Conjurations
 * Level 3.9 Fire Magic


You had 4 spell levels left.
You knew the following spells:

 Your Spells              Type           Power      Damage    Failure   Level
a - Foxfire               Conj/Fire      36%        2x1d5     8%          1

Your spell library contained the following spells:

 Spells                   Type           Power      Damage    Failure   Level
 Scorch                   Fire           26%        2d6       7%          2
 Inner Flame              Hex/Fire       7%         N/A       30%         3
 Kindle Blastsparks       Fire/Tloc/Air  10%        2d10      38%         3
 Flame Wave               Conj/Fire      9%         2d6       58%         4


Dungeon Overview and Level Annotations

Branches:
Dungeon (2/15)

Altars:


Message History

You barely miss the adder.
The adder is moderately wounded.
The adder bites you. The adder bites you but does no damage.
You closely miss the adder.
The adder is moderately wounded.
The adder closely misses you. The adder barely misses you.
You miss the adder.
The adder is moderately wounded.
The adder closely misses you.
You sock the adder!
The adder is almost dead.
The adder barely misses you. The adder bites you but does no damage.
You hit the adder but do no damage.
The adder is almost dead.
The adder bites you.
You are poisoned.
The adder poisons you! The adder barely misses you.
You miss the adder.
The adder is almost dead.
You feel very sick. The adder misses you. The adder closely misses you.
You barely miss the adder.
The adder is almost dead.
You feel sick. The adder closely misses you. The adder bites you.
* * * LOW HITPOINT WARNING * * *
You miss the adder.
The adder is almost dead.
You feel sick. The adder bites you.
* * * LOW HITPOINT WARNING * * *
You are lethally poisoned!
The adder poisons you!
You barely miss the adder. Your punch misses the adder.
The adder is almost dead.
* * * LOW HITPOINT WARNING * * *
You feel sick. The adder bites you but does no damage. The adder misses you.
You barely miss the adder.
The adder is almost dead.
* * * LOW HITPOINT WARNING * * *
You feel sick. The adder closely misses you. The adder bites you.
You die...

#.# #.# #.# #.# #.#
#.# #.#########.#
#.........†.########
#..#######.........#
#.....# #.#######.#
###### ##.##.####.#
#># .....#
#.##...@S.# #.#
####.#
#.##.####.#######.#
#.#
#.##.####.........#
#.#
#.........#########
#.# ####)###### #.#
#.# #.# #.# #.# #.#
#.########.#


You could see an adder.

Vanquished Creatures
  A dart slug (D:1)
  3 ball pythons (D:1)
  3 endoplasms (D:1)
  A giant cockroach (D:1)
  4 goblins (D:1)
  2 kobolds (D:1)
  2 quokkas (D:1)
  3 bats (D:1)
  2 frilled lizards (D:1)
  A rat (D:1)
22 creatures vanquished.

Vanquished Creatures (others)
  16 foxfires
16 creatures vanquished.

Grand Total: 38 creatures vanquished

Notes
Turn   | Place    | Note
-------+----------+-------------------------------------------
     0 | D:1      | acebull12 the Hill Orc Fire Elementalist began the quest
                  | for the Orb.
     0 | D:1      | Reached XP level 1. HP: 14/14 MP: 3/3
   244 | D:1      | Reached XP level 2. HP: 22/22 MP: 2/4
   553 | D:1      | Reached XP level 3. HP: 13/24 MP: 5/5
   676 | D:1      | Reached skill level 1 in Maces & Flails
   926 | D:1      | HP: 1/24 [poisoned by an adder]
   926 | D:1      | Slain by an adder

Illustrated notes

Levels and vault maps discovered:
D:1:      wander_arrival_peaceful_grave, layout_loops_ring
D:2:      layout_basic, serial_shops, shop, basic_altar,
          dreamdust_mushroom_princess

Skill      XL: |  1  2  3 |
---------------+----------+-----
Maces & Flails | 1 |  1.1
Fighting       | |  0.7
Dodging        | |  1.5
Stealth        | |  1.5
Spellcasting   | |  1.7
Conjurations   | |  1.4
Fire Magic     | |  3.9

Action                   || total
-------------------------++-------
Melee: Mace              ||    62
 Cast: Foxfire           ||    10
Armor: Robe              ||    33
Dodge: Dodged            ||    62

Table legend: (Time is in decaauts)
 A = Elapsed time spent in this place.
 B = Non-inter-level travel time spent in this place.
 C = Inter-level travel time spent in this place.
 D = Time resting spent in this place.
 E = Time spent auto-exploring this place.
 F = Levels seen in this place.
 G = Mean time per level.
                   A        B        C        D        E       F      G
               +--------+--------+--------+--------+--------+-----+--------+
         Total |    949 |    866 |     83 |      0 |    640 |   2 |  474.5 |
       Dungeon |    949 |    866 |     83 |      0 |    640 |   2 |  474.5 |
               +--------+--------+--------+--------+--------+-----+--------+

Top non-repeatable levels by time:
     D:1: 936 daAuts
     D:2: 12 daAuts
